 Dungeon Crawl Stone Soup version 0.31.0-2-g5a2aebc5c2 (webtiles) character file.

Game seed: 15638196722787489148

114383 gohu the Severer (level 16, -8/157 HPs)
             Began as a Hill Orc Fighter on Jan 20, 2024.
             Was the Champion of Dithmenos.
             Mangled by an orc warlord
             ... wielding a +0 great sword
              (38 damage)
             ... on level 1 of the Orcish Mines.
             The game lasted 00:58:48 (22176 turns).

gohu the Severer (Hill Orc Fighter)                Turns: 22176, Time: 00:58:49

Health: -8/157     AC: 20    Str: 30    XL:     16   Next: 65%
Magic:  34/34      EV: 13    Int: 10    God:    Dithmenos [******]
Gold:   1826       SH: 11    Dex: 10    Spells: 15/15 levels left

rFire   + + +        a - +1 war axe (flame)
rCold   . . .        g - +1 kite shield
rNeg    . . .        R - +0 chain mail {Will+}
rPois   .            X - +2 helmet
rElec   +            M - +0 cloak
rCorr   .            s - +0 pair of gloves
SInv    .            C - +0 pair of boots
Will    ++...        q - amulet of the acrobat Stlth
                     y - ring "Padghemn" {rF+ EV+5 Str+3 Int+2}
HPRegen 0.46/turn    n - ring of Quev {rElec rF++ MP+9}
MPRegen 0.24/turn

%: acrobat
@: wreathed by umbra
A: no striking features
a: Renounce Religion, Shadow Step, Shadow Form


You were on level 1 of the Orcish Mines.
You worshipped Dithmenos.
Dithmenos was exalted by your worship.
You visited 4 branches of the dungeon, and saw 20 of its levels.
You also visited: Bailey.

You collected 2051 gold pieces.
You spent 225 gold pieces at shops.

Inventory:

Hand Weapons
 a - a +1 war axe of flaming (weapon)
Missiles
 x - 3 throwing nets
 I - 7 boomerangs (quivered)
 J - 2 javelins
Armour
 e - +0 fire dragon scales
 g - a +1 kite shield (worn)
 s - a +0 pair of gloves (worn)
 v - a +0 kite shield
 z - a +0 plate armour
 C - a +0 pair of boots (worn)
 M - a +0 cloak (worn)
 R - a +0 chain mail of willpower (worn)
 U - a +2 buckler
 X - a +2 helmet (worn)
Jewellery
 k - a ring of protection from cold
 n - the ring of Quev (right hand) {rElec rF++ MP+9}
   (You found it on level 10 of the Dungeon)

   [ring of magical power]

   rF++:      It greatly protects you from fire.
   rElec:     It insulates you from electricity.
   MP+9:      It affects your magic capacity (+9).
 q - an amulet of the acrobat (around neck)
 r - a ring of willpower
 u - a ring of ice
 y - the ring "Padghemn" (left hand) {rF+ EV+5 Str+3 Int+2}
   (You bought it in a shop on level 5 of the Dungeon)

   [ring of evasion]

   EV+5:      It affects your evasion (+5).
   Str+3:     It affects your strength (+3).
   Int+2:     It affects your intelligence (+2).
   rF+:       It protects you from fire.
 A - an amulet of guardian spirit
Wands
 b - a wand of flame (20)
 w - a wand of quicksilver (29)
 E - a wand of paralysis (38)
 L - a wand of roots (8)
 P - a wand of polymorph (8)
 Q - a wand of mindburst (19)
Scrolls
 p - 7 scrolls of enchant armour
 t - 12 scrolls of teleportation
 F - 2 scrolls of fear
 K - 3 scrolls of blinking
 O - 3 scrolls of enchant weapon
 S - a scroll of immolation
 T - 2 scrolls of amnesia
 V - a scroll of poison
 W - 3 scrolls of revelation
Potions
 d - a potion of might
 f - a potion of berserk rage
 h - 3 potions of magic
 i - 11 potions of curing
 j - 3 potions of brilliance
 l - 2 potions of mutation
 m - 2 potions of enlightenment
 o - 2 potions of invisibility
 B - 7 potions of heal wounds
 D - 3 potions of degeneration
 G - 2 potions of ambrosia {unknown}
 H - 3 potions of haste {unknown}
 N - a potion of cancellation
 Y - 2 potions of attraction {unknown}
Miscellaneous
 c - a tin of tremorstones (2/2)


   Skills:
 + Level 17.9 Fighting
 + Level 18.1 Axes
 - Level 5.3 Throwing
 + Level 12.0 Armour
 + Level 9.5 Shields
 + Level 12.7 Invocations
 + Level 2.0 Evocations


You had 15 spell levels left.
You didn't know any spells.
Your spell library contained the following spells:

 Spells                   Type           Power      Damage    Failure   Level
 Magic Dart               Conj           0%         1d3       88%         1
 Sandblast                Erth           0%         2d4       88%         1
 Shock                    Conj/Air       0%         1d3       88%         1
 Blink                    Tloc           0%         N/A       96%         2
 Cigotuvi's Dreadful Rot  Necr/Alch/Air  0%         N/A       96%         2
 Lesser Beckoning         Tloc           0%         N/A       96%         2
 Momentum Strike          Conj/Tloc      0%         3d8       96%         2
 Searing Ray              Conj           0%         2d4       96%         2
 Call Canine Familiar     Summ           0%         N/A       99%         3
 Dazzling Flash           Conj/Hex       0%         N/A       99%         3
 Gell's Gravitas          Tloc           0%         N/A       99%         3
 Inner Flame              Hex/Fire       0%         N/A       99%         3
 Mephitic Cloud           Conj/Alch/Air  0%         N/A       99%         3
 Passwall                 Erth           0%         N/A       99%         3
 Sigil of Binding         Hex            0%         N/A       99%         3
 Stone Arrow              Conj/Erth      0%         3d7       99%         3
 Swiftness                Air            0%         N/A       99%         3
 Teleport Other           Tloc           0%         N/A       99%         3
 Volatile Blastmotes      Fire/Tloc      0%         2d10      99%         3
 Airstrike                Air            0%         2d(0-16)  100%        4
 Brom's Barrelling Bould  Conj/Erth      0%         2d3       100%        4
 Dimensional Bullseye     Hex/Tloc       0%         N/A       100%        4
 Flame Wave               Conj/Fire      0%         2d4       100%        4
 Fulminant Prism          Conj/Alch      0%         3d5       100%        4
 Ignite Poison            Fire/Alch      0%         N/A       100%        4
 Iskenderun's Mystic Bla  Conj/Tloc      0%         2d3       100%        4
 Sticky Flame             Fire/Alch      0%         2d4       100%        4
 Vhi's Electric Charge    Tloc/Air       0%         N/A       100%        4
 Arcjolt                  Conj/Air       0%         1d10      100%        5
 Curse of Agony           Necr           0%         N/A       100%        5
 Freezing Cloud           Conj/Ice/Air   0%         6-21      100%        5
 Silence                  Hex/Air        0%         N/A       100%        5
 Dispersal                Tloc           0%         N/A       100%        6
 Plasma Beam              Fire/Air       0%         2x1d10    100%        6
 Ignition                 Fire           0%         3d3       100%        8


Dungeon Overview and Level Annotations

Branches:
Dungeon (13/15)            Temple (1/1) D:5            Lair (5/5) D:8
 Shoals (0/4) Lair:2       Spider (0/4) Lair:3        Slime (0/5) Lair:4
    Orc (1/2) D:9          Bailey (visited)
 Vaults: D:13-14

Altars:
Ashenzari
Cheibriados
Dithmenos
Elyvilon
Fedhas
Gozag
Hepliaklqana
Kikubaaqudgha
Makhleb
Nemelex Xobeh
Okawaru
Qazlal
Ru
Sif Muna
Trog
Uskayaw
Vehumet
Wu Jian
Xom
Yredelemnul
Zin
The Shining One
Jiyva

Shops:
D:5 *   Orc:1 !=(

Annotations:
D:2 1 runed translucent door, Crazy Yiuf
D:13 Sonja
Lair:2 exclusion: oklob plant


Message History

Your life force feels restored.
You closely miss the orc warlord.
The orc warlord is lightly wounded.
You block the orc warrior's attack. The orc warlord closely misses you.
You barely miss the orc warlord.
The orc warlord is lightly wounded.
An orc sorcerer comes into view.
It is wielding a +0 dagger and wearing a +1 robe of willpower.
The orc warrior hits you from afar with a +0 halberd!
The orc warlord hits you with a +0 great sword.
You slice the orc warlord!! You burn the orc warlord!
The orc warlord is heavily wounded.
You hit the orc knight but do no damage.
The orc knight roars a battlecry!
You block the orc warrior's attack. The orc warlord barely misses you.
You slash the orc warlord! You burn the orc warlord.
The orc warlord is heavily wounded.
You slash something! You burn something. Dithmenos accepts your kill.
Reactivating autopickup.
You feel a bit more experienced.
You closely miss the orc knight. You slash the orc warlord!
You burn the orc warlord.
The orc warlord is severely wounded.
You barely miss the orc knight.
The orc knight hits you with a +0 great sword!
You block the orc warrior's attack. The orc warlord completely misses you.
You hit the orc warlord. You burn the orc warlord.
The orc warlord is almost dead.
You hit the warg. You burn the warg.
You hit the orc knight but do no damage.
The warg bites you!
The orc knight roars a battlecry!
The orc warlord hits you with a +0 great sword!!
* * * LOW HITPOINT WARNING * * *
You slash the orc warlord! You burn the orc warlord.
The orc warlord is almost dead.
You hit the warg. You burn the warg. You slash the orc knight!
You burn the orc knight. You block the warg's attack.
The orc knight closely misses you.
The orc warlord hits you with a +0 great sword!!!
You die...

# o# .$##
####o.. #§§o.#
#oh§§#..h
####@o§....#
##.§§§§§...##
##..§§#§##...#
##......##....>
#....#.........
#...##.......
##...#.....#.
##.........#
#.......#..#


You could see an orc warlord (strong), an orc knight (strong), a warg and an orc
sorcerer (strong).

Vanquished Creatures
  A fire dragon (Lair:5)
  2 hydras (Lair:4)
  3 catoblepae
  4 death yaks (Lair:5)
  A two-headed ogre (D:9)
  A skyshark (Lair:3)
  The ghost of diceflayer the Fighter, a novice DsFi of Okawaru (D:7)
  A swamp dragon (Lair:5)
  2 lindwurms (Lair:5)
  An orc knight (Bailey)
  2 cyclopes (D:12)
  2 manticores (Lair:5)
  A moth of wrath (D:7)
  Maurice (D:7)
  5 black mambas
  4 elephants (Lair:3)
  A gargoyle (D:11)
  2 torpor snails (Lair:5)
  An unseen horror (D:12)
  7 rime drakes
  11 cane toads
  13 komodo dragons
  Jeremiah (D:6)
  4 trolls
  2 polar bears
  3 merfolk (Lair:2)
  Grinder (D:3)
  2 hornets (Lair:5)
  18 blink frogs
  11 dream sheep
  4 slime creatures (D:12)
  A shadow (D:12)
  Sigmund (D:6)
  8 wyverns
  3 wraiths
  51 yaks
  Eustachio (D:5)
  5 humans (D:8)
  4 basilisks
  A redback (Lair:3)
  A warg (Orc:1)
  2 steam dragons
  14 vampire mosquitoes
  Edmund (D:5)
  16 water moccasins
  5 acid dragons
  13 orc warriors
  2 ice beasts (D:5)
  5 black bears
  3 ogres
  15 wolves
  2 centaurs
  2 phantoms
  2 kobold brigands
  8 bullfrogs
  3 gnoll sergeants
  4 scorpions
  3 wights (D:8)
  17 killer bees
  4 howler monkeys
  8 orc priests
  2 bombardier beetles
  A gnoll bouda (D:5)
  2 hounds
  5 jellies
  11 iguanas
  Natasha (thrice) (D:2)
  16 orc wizards
  4 hell rats (Lair:5)
  5 gnolls (D:6)
  11 adders
  A shadow imp (D:7)
  A white imp (D:7)
  2 ufetubi (D:6)
  A ribbon worm (D:2)
  A dart slug (D:1)
  69 orcs
  6 endoplasms
  2 giant cockroaches (D:1)
  12 goblins
  4 hobgoblins (D:1)
  4 jackals
  16 kobolds
  5 quokkas
  8 ball pythons
  5 bats
  3 frilled lizards
  7 rats
525 creatures vanquished.

Notes
Turn   | Place    | Note
-------+----------+-------------------------------------------
     0 | D:1      | gohu the Hill Orc Fighter began the quest for the Orb.
     0 | D:1      | Reached XP level 1. HP: 19/19 MP: 1/1
   142 | D:1      | Reached skill level 3 in Axes
   173 | D:1      | Reached XP level 2. HP: 27/27 MP: 2/2
   450 | D:1      | Found a faded altar of an unknown god.
   579 | D:1      | Reached skill level 4 in Axes
   579 | D:1      | Reached XP level 3. HP: 33/33 MP: 3/3
   966 | D:3      | Noticed Grinder
  1096 | D:2      | Found a runed translucent door.
  1097 | D:2      | Noticed Crazy Yiuf
  1276 | D:2      | Reached skill level 5 in Axes
  1276 | D:2      | Reached XP level 4. HP: 35/40 MP: 4/4
  1332 | D:2      | Noticed Natasha
  1346 | D:2      | Killed Natasha
  2104 | D:3      | Reached skill level 6 in Axes
  2104 | D:3      | Reached XP level 5. HP: 32/47 MP: 5/5
  2184 | D:2      | Noticed Natasha
  2190 | D:2      | Killed Natasha
  2201 | D:2      | Noticed Natasha
  2208 | D:2      | Killed Natasha
  2209 | D:2      | Reached skill level 7 in Axes
  2397 | D:4      | Reached XP level 6. HP: 53/53 MP: 6/6
  2514 | D:5      | Entered Level 5 of the Dungeon
  2638 | D:5      | Noticed a black bear
  2644 | D:4      | Killed a black bear
  2645 | D:4      | Reached skill level 8 in Axes
  3052 | D:5      | Reached skill level 5 in Fighting
  3259 | D:5      | Reached skill level 9 in Axes
  3259 | D:5      | Reached XP level 7. HP: 60/61 MP: 7/7
  3288 | D:5      | Found Gamig's Assorted Antiques.
  3291 | D:5      | Bought a glittering tin ring for 125 gold pieces
  3291 | D:5      | Identified the ring "Padghemn" {rF+ EV+5 Str+3 Int+2} (You
                  | bought it in a shop on level 5 of the Dungeon)
  3456 | D:5      | Reached skill level 10 in Axes
  3521 | D:5      | Reached XP level 8. HP: 69/69 MP: 8/8
  3598 | D:5      | Reached skill level 11 in Axes
  3642 | D:5      | Noticed Edmund
  3664 | D:5      | Killed Edmund
  3665 | D:5      | Reached skill level 12 in Axes
  3828 | D:5      | Noticed Eustachio
  3848 | D:3      | Killed Grinder
  4204 | D:5      | Killed Eustachio
  4205 | D:5      | Reached skill level 13 in Axes
  4281 | D:5      | Found a staircase to the Ecumenical Temple.
  4287 | Temple   | Entered the Ecumenical Temple
  4318 | Temple   | Became a worshipper of Dithmenos the Shadowed
  4404 | D:6      | Noticed Jeremiah
  4744 | D:6      | Reached XP level 9. HP: 77/78 MP: 9/9
  4878 | D:6      | Found a shimmering blue altar of Sif Muna.
  4878 | D:6      | Found a hide-covered altar of Uskayaw.
  4909 | D:6      | Noticed a komodo dragon
  4915 | D:6      | Killed a komodo dragon
  5365 | D:7      | Reached skill level 14 in Axes
  5365 | D:7      | Noticed Maurice
  5450 | D:6      | Killed Jeremiah
  5628 | D:6      | Identified the +2 dagger of Musucul {elec, Int+3 Dex+2}
  5757 | D:6      | Noticed Sigmund
  5768 | D:6      | Killed Sigmund
  6368 | D:7      | Reached skill level 15 in Axes
  6411 | D:7      | Reached * piety under Dithmenos
  6467 | D:7      | Reached XP level 10. HP: 88/88 MP: 10/10
  6513 | D:7      | Noticed diceflayer's ghost (novice DsFi)
  6519 | D:7      | Noticed a moth of wrath
  6520 | D:7      | Found a bloodstained altar of Trog.
  6520 | D:7      | Found a transporter.
  6539 | D:7      | Found a transporter.
  6652 | D:7      | Something stole an amulet of guardian spirit
  6654 | D:7      | Something stole a +0 kite shield
  6658 | D:7      | Something stole 2 javelins
  6659 | D:7      | Something stole 246 gold
  6690 | D:7      | Killed Maurice
  6884 | D:8      | Found a staircase to the Lair.
  7185 | D:7      | Identified the +9 spear of Armageddon {flame, rC+ Stlth+}
  7687 | D:9      | Found a flagged portal.
  7744 | Bailey   | Entered a bailey
  8004 | Bailey   | Reached skill level 16 in Axes
  8004 | Bailey   | Reached skill level 5 in Armour
  8045 | Bailey   | Reached ** piety under Dithmenos
  8071 | Bailey   | Noticed an orc knight
  8093 | Bailey   | Killed an orc knight
  8094 | Bailey   | Reached skill level 1 in Invocations
  8344 | D:9      | Found a staircase to the Orcish Mines.
  8523 | D:8      | Reached skill level 10 in Fighting
  8919 | D:8      | Reached XP level 11. HP: 98/101 MP: 13/13
  9073 | D:8      | Reached *** piety under Dithmenos
  9080 | D:8      | Reached skill level 1 in Throwing
  9625 | D:9      | Noticed a two-headed ogre
  9633 | D:9      | Killed a two-headed ogre
  9634 | D:9      | Reached skill level 5 in Shields
 10179 | D:10     | Entered Level 10 of the Dungeon
 10497 | Lair:1   | Entered Level 1 of the Lair of Beasts
 10511 | Lair:1   | Reached skill level 5 in Invocations
 10883 | Lair:1   | Found a sacrificial altar of Ru.
 11011 | Lair:1   | Reached **** piety under Dithmenos
 11067 | Lair:1   | Reached XP level 12. HP: 15/113 MP: 16/16
 11866 | Lair:3   | Reached skill level 1 in Evocations
 12263 | Lair:2   | Found a staircase to the Shoals.
 13444 | Lair:3   | Found a hole to the Spider Nest.
 13669 | Lair:3   | Noticed a skyshark
 13685 | Lair:3   | Killed a skyshark
 14013 | Lair:4   | Found a viscous altar of Jiyva.
 14020 | Lair:4   | Reached XP level 13. HP: 124/124 MP: 19/19
 14044 | Lair:3   | Reached ***** piety under Dithmenos
 14493 | Lair:4   | Found a staircase to the Slime Pits.
 14512 | Lair:5   | Entered Level 5 of the Lair of Beasts
 14560 | Lair:4   | Reached skill level 10 in Armour
 15520 | Lair:5   | Reached skill level 15 in Fighting
 15540 | Lair:5   | Reached skill level 10 in Invocations
 15989 | Lair:5   | Noticed a fire dragon
 16645 | Lair:5   | Reached skill level 17 in Axes
 16727 | Lair:5   | Reached XP level 14. HP: 67/137 MP: 21/21
 17364 | Lair:5   | Paralysed by a hornet for 1 turns
 18028 | Lair:5   | Identified the +6 scale mail of Ridesuw {Will+++ Int-2 SInv
                  | Stlth+}
 18957 | D:7      | Killed diceflayer's ghost
 19398 | D:10     | Reached XP level 15. HP: 147/147 MP: 22/24
 19399 | D:10     | Reached skill level 5 in Throwing
 19399 | D:10     | Reached XP level 16. HP: 155/155 MP: 22/25
 19460 | D:10     | Reached skill level 18 in Axes
 19640 | D:10     | Identified the ring of Quev {rElec rF++ MP+9}
 19924 | D:11     | Reached ****** piety under Dithmenos
 21399 | D:13     | Noticed Sonja
 21960 | Orc:1    | Entered Level 1 of the Orcish Mines
 21964 | Orc:1    | Found Vos Ciu's Jewellery Emporium.
 22002 | Orc:1    | Found Xiceoshemm's Weapon Boutique.
 22111 | Orc:1    | Found Dotaaryck's Distillery.
 22135 | Orc:1    | Bought 2 potions of degeneration for 20 gold pieces
 22135 | Orc:1    | Bought a potion of heal wounds for 50 gold pieces
 22135 | Orc:1    | Bought a potion of curing for 30 gold pieces
 22176 | Orc:1    | Mangled by an orc warlord

Illustrated notes

Levels and vault maps discovered:
D:1:      psy_arrival_fountain, layout_basic,
          shapermc_ecumenical_altar_notcrosses
D:2:      layout_basic, uniq_crazy_yiuf_cottage, uniq_natasha
D:3:      layout_rooms, kennysheep_generic_room_13, uniq_grinder
D:4:      layout_basic
D:5:      minmay_bubble_buster, layout_rooms,
          minmay_temple_entry_enclosed_plants, serial_shops, kennysheep_mini,
          uniq_eustachio, uniq_edmund
D:6:      layout_basic, chequers_temple_overflow_statue_of_worship,
          uniq_jeremiah, uniq_sigmund
D:7:      layout_loops_ring, serial_rivers, chequers_serial_rivers_small_3,
          chequers_serial_rivers_small_3, chequers_serial_rivers_small_3,
          chequers_serial_rivers_micro_c, chequers_serial_rivers_micro_a,
          gammafunk_ghost_wrathful_warriors, chequers_serial_rivers_marsh,
          nicolae_elevator_lobby_plus, uniq_maurice
D:8:      layout_basic, lair_entry_dummy, minmay_ruffians
D:9:      layout_small_grid, hiddenorc1_lemuel, enter_bailey_4
D:10:     layout_irregular_city
D:11:     layout_rooms, serial_aquarium, aquarium_bridge_island_small
          [aquarium_subvault_small_water, aquarium_subvault_bridge,
          aquarium_subvault_window, aquarium_subvault_bridge,
          aquarium_subvault_bridge], aquarium_bridge_long_separate
          [aquarium_subvault_window, aquarium_subvault_bridge,
          aquarium_subvault_wall, aquarium_subvault_bridge,
          aquarium_subvault_window, aquarium_subvault_wall],
          aquarium_window_fake, aquarium_window_2, aquarium_window_fake,
          aquarium_window_fake, aquarium_view_2d, aquarium_view_2b,
          aquarium_balcony_3a, aquarium_pool_S, minivault_23
D:12:     layout_grid_maze
D:13:     layout_loops_cross, uniq_sonja
Temple:   mainiacjoe_temple_big_plus
Lair:1:   layout_chaotic_city, basic_altar, serial_bayou_pond_b
Lair:2:   layout_misc_corridors, mainiacjoe_shoals_entry_four_pools,
          beast_lair_carwin_3, lemuel_fruit_fields
Lair:3:   beargit_carnivore_pack, layout_loops_ring, spider_nest_entry_webs,
          grunt_megastairs_3
Lair:4:   layout_regular_city, nicolae_slime_entry_field_trip
Lair:5:   hangedman_lair_in_review, layout_layer_cave, guppyfry_lair_end_dragon,
          serial_bayou_shore_b
Orc:1:    layout_diamond_mine, serial_shops, shop, shop, shop,
          nicolae_diamond_shop, shop, nicolae_orc_bridge_out

Skill      XL: |  1  2  3  4  5  6  7  8  9 10 11 12 13 14 15 16 |
---------------+-------------------------------------------------+-----
Axes           | 3 4 5 6 7 9 10 13 15 16 17 18 | 18.1
Fighting       | 4 5 6 8 10 12 14 16 17 | 17.9
Armour         | 4 6 8 9 10 11 12 | 12.0
Shields        | 4 6 7 8 9 |  9.5
Invocations    | 3 6 9 10 12 | 12.7
Throwing       | 2 3 4 5 |  5.3
Evocations     | 1 2 |  2.0

Action                     |  1- 3 |  4- 6 |  7- 9 | 10-12 | 13-15 | 16-18 || total
---------------------------+-------+-------+-------+-------+-------+-------++-------
  Melee: War axe           |   123 |   113 |   324 |   685 |   554 |   140 ||  1939
  Throw: Javelin           |       |       |     2 |       |       |       ||     2
         Boomerang         |       |       |     3 |    37 |    47 |     2 ||    89
 Invoke: Shadow Form       |       |       |       |       |     1 |       ||     1
  Evoke: Wand              |       |       |       |    13 |     1 |       ||    14
    Use: Scroll            |     3 |       |     5 |    11 |     7 |       ||    26
         Potion            |       |     1 |       |       |     3 |       ||     4
   Stab: Paralysed         |       |       |       |     4 |       |       ||     4
         Petrified         |       |       |       |       |     4 |       ||     4
         Invisible         |       |       |       |       |     2 |       ||     2
         Distracted        |       |       |       |       |     1 |       ||     1
 Armour: Scale mail        |   121 |    50 |       |       |       |       ||   171
         Chain mail        |       |    36 |   127 |   219 |   258 |    19 ||   659
         Plate armour      |       |       |       |    75 |       |       ||    75
         Fire dragon scale |       |       |       |       |     9 |    57 ||    66
  Dodge: Dodged            |    87 |    48 |   124 |   338 |   229 |    94 ||   920
  Block: Buckler           |    46 |    34 |    55 |   176 |   115 |       ||   426
         Kite shield       |       |       |       |       |    14 |    69 ||    83
